 Dungeon Crawl Stone Soup version 0.22-a0-247-gbddf880 (webtiles) character file.

308 Gorglomux the Covered (level 6, -5/52 HPs)
             Began as a Minotaur Enchanter on Feb 24, 2018.
             Slain by George's ghost (11 damage)
             ... on level 3 of the Dungeon.
             The game lasted 00:06:32 (3322 turns).

Gorglomux the Covered (Minotaur Enchanter)          Turns: 3322, Time: 00:06:33

Health: -5/52      AC:  9    Str: 14    XL:     6   Next: 17%
Magic:  7/7        EV:  8    Int: 12    God:
Gold:   209        SH:  8    Dex: 11    Spells: 6/7 levels left

rFire    . . .     SeeInvis .   h - +0 spear
rCold    . . .     Gourm    .   l - +0 shield
rNeg     . . .     Faith    .   g - +0 scale mail
rPois    +         Spirit   .   (helmet restricted)
rElec    .         Reflect  .   X - +0 cloak
rCorr    .         Harm     .   q - +0 pair of gloves
MR       .....                  (no boots)
Stlth    +.........             (no amulet)
HPRegen  0.17/turn              o - ring of poison resistance
MPRegen  0.10/turn              (no ring)

@: no status effects
A: retaliatory headbutt, horns 2
a: no special abilities


You were on level 3 of the Dungeon.
You were not hungry.

You visited 1 branch of the dungeon, and saw 3 of its levels.

You collected 209 gold pieces.

Inventory:

Hand Weapons
 a - a +1 dagger
 h - a +0 spear (weapon)
Armour
 g - a +0 scale mail (worn)
 l - a +0 shield (worn)
 q - a +0 pair of gloves (worn)
 X - a +0 cloak (worn)
Jewellery
 o - a ring of poison resistance (left hand)
Wands
 P - a wand of paralysis (8)
Scrolls
 d - 3 scrolls of fear
 j - 2 scrolls of remove curse
 m - a scroll of immolation {unknown}
 n - 2 scrolls of enchant armour {unknown}
 p - 2 scrolls of teleportation {unknown}
 s - a scroll of noise {unknown}
 R - 3 scrolls of identify
 U - a scroll of amnesia {unknown}
Potions
 k - a potion of agility
 V - a potion of mutation {unknown}
 W - a potion of heal wounds
Comestibles
 c - 8 rations


   Skills:
 + Level 4.1 Fighting
 - Level 1.1 Short Blades
 + Level 4.1 Armour
 - Level 2.5 Dodging
 - Level 2.4 Stealth
 + Level 3.7 Shields
 - Level 1.3 Spellcasting
 - Level 2.0 Hexes


You had 6 spell levels left.
You knew the following spells:

 Your Spells              Type           Power        Failure   Level  Hunger
a - Corona                Hex            #......      91%         1    ##.....


Dungeon Overview and Level Annotations

Branches:
Dungeon (3/15)

Altars:
Elyvilon

Annotations:
D:3 George's ghost, amateur MiFi


Innate Abilities, Weirdness & Mutations

You reflexively headbutt those who attack you in melee.
You have a pair of horns on your head.


Message History

George's ghost is heavily damaged!
George's ghost butts butt!
George's butt hits butt!
You are too injured to fight recklessly!!!
You stick George's ghost like a pincushion!
Butt headbutt George's ghost, butt do no damage!
George's ghost is severely damaged!
George's ghost hits you! * * * don't die
* * * You spit George's ghost like a pig!
You headbutt George's ghost, but do no damage!
George's ghost is severely damaged!
George's ghost hits you!!! * * * don'butt die
* * * You are too injured to fight recklessly!!!
George's ghost wails!
George's ghost hits you but does no damage!
George's butt shouts, "You will never get the ORB!!!"
There is a stone staircase leading up butt!
George's ghost hits you!!! rip

...####.#
#.....#[#
##.##.#.##########
#.......#........#
#####.###.#####.##
......# #.# #.#
...#..###.#####.#
...#..##......#.##
....<.>#.......W@#
.......##.###.#.##
...........##.#.#
###....######.#.#
#..#........#.##
#.....####.....#
#.##..# #.#####
#.##..# #.#
#.##..# #.#


You could see George's ghost.

Vanquished Creatures
  A black bear (D:3)
  A scorpion (D:2)
  An orc wizard (D:3)
  5 adders
  An ooze (D:2)
  2 worms (D:3)
  A leopard gecko (D:1)
  7 orcs
  4 giant cockroaches
  9 hobgoblins
  7 kobolds
  A quokka (D:3)
  5 bats
  16 goblins
  10 rats
71 creatures vanquished.

Vanquished Creatures (others)
  A goblin (D:2)
1 creature vanquished.

Grand Total: 72 creatures vanquished

Notes
Turn   | Place    | Note
-------+----------+-------------------------------------------
     0 | D:1      | Gorglomux the Minotaur Enchanter began the quest for the Orb.
     0 | D:1      | Reached XP level 1. HP: 14/14 MP: 1/1
   185 | D:1      | Reached skill level 1 in Fighting
   185 | D:1      | Reached skill level 1 in Armour
   203 | D:1      | Reached XP level 2. HP: 18/23 MP: 3/3
  1232 | D:2      | Reached skill level 1 in Shields
  1238 | D:2      | Reached XP level 3. HP: 28/29 MP: 4/4
  1259 | D:2      | Noticed a scorpion
  1293 | D:2      | Found a white marble altar of Elyvilon.
  1333 | D:2      | Killed a scorpion
  1333 | D:2      | Reached XP level 4. HP: 17/37 MP: 5/5
  1930 | D:2      | Reached skill level 3 in Armour
  1945 | D:2      | Reached skill level 3 in Fighting
  2067 | D:2      | Reached XP level 5. HP: 30/45 MP: 6/6
  2504 | D:3      | Reached skill level 3 in Shields
  2812 | D:3      | Noticed a black bear
  2827 | D:3      | Killed a black bear
  2827 | D:3      | Reached XP level 6. HP: 42/52 MP: 7/7
  3103 | D:3      | Noticed George's ghost (amateur MiFi)
  3292 | D:3      | HP: 1/52 [George's ghost (13)]
  3322 | D:3      | Slain by George's ghost

Vault maps used:
D:1:      dpeg_arrival_solitude
D:2:      elyvilon_altar_4
D:3:      minivault_26

Skill      XL: |  1  2  3  4  5 |
---------------+----------------+-----
Fighting       | 1 2 3 4 |  4.1
Armour         | 1 2 3 4 |  4.1
Shields        | 1 2 3 |  3.7
Short Blades   | |  1.1
Dodging        | |  2.5
Stealth        | |  2.4
Spellcasting   | |  1.3
Hexes          | |  2.0

Action                   |  1- 3 |  4- 6 || total
-------------------------+-------+-------++-------
Melee: Dagger            |    19 |       ||    19
       Headbutt          |    13 |    39 ||    52
       Spear             |    74 |   243 ||   317
Evoke: Wand              |       |     1 ||     1
  Use: Potion            |       |     1 ||     1
       Scroll            |       |     4 ||     4
 Stab: Paralysed         |       |     1 ||     1
  Eat: Chunk             |     1 |     7 ||     8
Armor: Scale mail        |    31 |   122 ||   153
       Robe              |     2 |       ||     2
Dodge: Dodged            |    27 |    66 ||    93
Block: Shield            |    15 |   121 ||   136

Table legend:
 A = Spawn XP
 B = Non-spawn XP
 C = Spawn XP percentage of total XP
 D = Spawn monster count
 E = Non-spawn monster count
 F = Spawn count percentage of total count
 G = Total turns spent on level
                    A         B        C        D         E        F      G
               +---------+---------+-------+---------+---------+-------+---------
         Total |       0 |     441 |   0.0 |       0 |      71 |   0.0 |  3322
               +---------+---------+-------+---------+---------+-------+---------
           D:1 |       0 |      32 |   0.0 |       0 |      18 |   0.0 |   927
           D:2 |       0 |     175 |   0.0 |       0 |      30 |   0.0 |  1351
           D:3 |       0 |     234 |   0.0 |       0 |      23 |   0.0 |  1044
               +---------+---------+-------+---------+---------+-------+---------
